 Dungeon Crawl Stone Soup version 0.31-a0-152-g6aa68a64a1 (webtiles) character file.

Game seed: 5518251301535581171

6251 Elmgren the Skirmisher (level 10, -6/93 HPs)
             Began as a Minotaur Berserker on June 9, 2023.
             Was a High Priest of Trog.
             Mangled by an orc warlord
             ... wielding a +3 battleaxe
              (12 damage)
             ... on level 1 of the Orcish Mines.
             The game lasted 00:30:31 (8441 turns).

Elmgren the Skirmisher (Minotaur Berserker)         Turns: 8441, Time: 00:30:31

Health: -6/93      AC: 13    Str: 28    XL:     10   Next: 62%
Magic:  9/9        EV: 16    Int:  4    God:    Trog [*****.]
Gold:   1078       SH:  5    Dex: 11    Spells: 9/9 levels left

rFire   + . .        a - +11 triple crossbow "Goblinslayer" {speed, rF+ Str+3}
rCold   . . .        (shield currently unavailable)
rNeg    . . .        F - +4 scale mail {Will+}
rPois   .            (helmet restricted)
rElec   .            (no cloak)
rCorr   .            (no gloves)
SInv    .            y - +0 pair of boots
Will    +++..        I - amulet of reflection Stlth
                     E - +5 ring of evasion
HPRegen 1.35/turn    L - ring of flight
MPRegen 0.11/turn

%: reflection
@: strong-willed, flying, regenerating
A: horns 2, retaliatory headbutt
a: Renounce Religion, Berserk, Trog's Hand, Brothers in Arms


You were on level 1 of the Orcish Mines.
You worshipped Trog.
Trog was extremely pleased with you.
You visited 3 branches of the dungeon, and saw 12 of its levels.
You also visited: Ossuary.

You collected 1078 gold pieces.


Innate Abilities, Weirdness & Mutations

You have a pair of horns on your head.
You reflexively headbutt those who attack you in melee.


   Skills:
 - Level 10.0 Fighting
 - Level 4.6(6.2) Axes
 - Level 6.4(7.1) Polearms
 * Level 11.2 Ranged Weapons
 - Level 9.4 Armour
 - Level 2.1 Dodging


You had 9 spell levels left.
You didn't know any spells.
Your spell library contained the following spells:

 Spells                   Type           Power      Damage    Failure   Level
 Kiss of Death            Conj/Necr      0%         2d5       73%         1
 Confusing Touch          Hex            0%         N/A       97%         3
 Dazzling Flash           Conj/Hex       0%         N/A       97%         3
 Volatile Blastmotes      Fire/Tloc      0%         2d10      97%         3
 Dispel Undead            Necr           0%         3d6       100%        4
 Iskenderun's Mystic Bla  Conj/Tloc      0%         2d3       100%        4
 Starburst                Conj/Fire      0%         6d3       100%        6

Inventory:

Hand Weapons
 a - the +11 triple crossbow "Goblinslayer" (weapon) {speed, rF+ Str+3}
   (You acquired it on level 6 of the Dungeon)

   Str:       It affects your strength (+3).
   rF:        It protects you from fire.
 K - a +3 battleaxe
   (Trog gifted it to you on level 1 of the Orcish Mines)
Missiles
 g - 85 stones
 t - 13 boomerangs
 v - 15 poisoned darts
 J - 2 silver boomerangs
Armour
 y - a +0 pair of boots (worn)
   (You found it on level 3 of the Dungeon)
 D - a +0 plate armour
   (You took it off an orc warrior on level 7 of the Dungeon)
 F - a +4 scale mail of willpower (worn)
   (You took it off Edmund on level 5 of the Dungeon)
Magical Staves
 x - a staff of cold {forbidden!a}
   (You found it on level 8 of the Dungeon)
Jewellery
 r - a ring of willpower
   (You found it on level 7 of the Dungeon)
 w - a ring of magical power
   (You found it on level 8 of the Dungeon)
 A - an amulet of magic regeneration
   (You found it on level 4 of the Dungeon)
 E - a +5 ring of evasion (left hand)
   (You found it on level 4 of the Dungeon)
 I - an amulet of reflection (around neck)
   (You found it on level 6 of the Dungeon)
 L - a ring of flight (right hand)
   (You found it on level 6 of the Dungeon)
 W - a ring of magical power
   (You found it on level 6 of the Dungeon)
Wands
 j - a wand of iceblast (8)
   (You found it on level 7 of the Dungeon)
 z - a wand of charming (8)
   (You found it on level 4 of the Dungeon)
Scrolls
 b - 5 scrolls of identify {unknown}
 c - a scroll of poison {unknown}
 h - a scroll of enchant armour {unknown}
 i - 2 scrolls of blinking {unknown}
 k - 2 scrolls of fog {unknown}
 n - 2 scrolls of teleportation {@r4}
 o - a scroll of amnesia
 q - 2 scrolls of magic mapping {unknown}
 s - 5 scrolls of noise {!r}
 H - a scroll of vulnerability {unknown}
Potions
 d - 2 potions of enlightenment {unknown}
 e - 11 potions of curing {unknown}
 f - 5 potions of lignification {unknown}
 l - 2 potions of haste {unknown}
 m - a potion of cancellation {unknown}
 p - a potion of magic {unknown}
 u - a potion of degeneration {unknown}
 B - 3 potions of might {unknown}
 C - a potion of brilliance {unknown}
 G - a potion of heal wounds {unknown}

Dungeon Overview and Level Annotations

Branches:
Dungeon (9/15) Zot: 26965  Temple (1/1) D:4 Zot: 5960     Orc (2/2) D:9 Zot: 10459
    Elf (0/3) Orc:2       Ossuary (visited)
   Lair: D:8-11

Altars:
Cheibriados
Dithmenos
Elyvilon
Fedhas
Gozag
Kikubaaqudgha
Makhleb
Nemelex Xobeh
Ru
Sif Muna
Vehumet
Wu Jian
Xom
Yredelemnul
Zin
The Shining One

Shops:
Orc:2 (

Annotations:
D:4 1 runed translucent door, Crazy Yiuf

...)...รท)))............#..##
#...
...#.....)..............#######..
....##.#.#.).............##.##...
.....#.#.....................##..
....#......#................#.#..
.........#.#..................)..
.................................
...............#)[...#...........
..............#O@[...............
.............##)o...........#).#.
.............................)..#
....#..#..........#..........)...
.....#...........................
................#.##.....#..#....
................####.........#.##
.........#.#.#.## ##....##.#####
..............## #....####


You could see an orc warlord (ally target) and a friendly ogre (summoned,
berserk).


Message History

Your hp is fully restored (93).
Fire: a) +11 triple crossbow "Goblinslayer" {speed, rF+ Str+3}
Press: ? - help, Q - select action, (/) - cycle Shift-Dir - straight line, f/p - orc
Aim: an orc, wielding a +0 falchion (moderately wounded, 73% to hit)
You shoot a bolt. The bolt closely misses the orc.
The orc closely misses you. The orc barely misses you.
Fire: a) +11 triple crossbow "Goblinslayer" {speed, rF+ Str+3}
Press: ? - help, Q - select action, (/) - cycle Shift-Dir - straight line, f/p - orc
Aim: an orc, wielding a +0 falchion (lightly wounded, 73% to hit)
You shoot a bolt. The bolt closely misses the orc.
The orc misses you. You furiously retaliate!
You headbutt the orc!
You kill the orc!
Trog accepts your kill.
The orc hits you with a +0 mace of protection.
The orc completely misses you. ๐Ÿ˜• HP[-2]
You take 2 damage, and now have 91/93 hp.
Fire: a) +11 triple crossbow "Goblinslayer" {speed, rF+ Str+3}
Press: ? - help, Q - select action, (/) - cycle Shift-Dir - straight line, f - orc
Aim: an orc, wielding a +0 mace of protection and wearing a +0 leather armour (heavily wounded, 73% to hit)
You shoot a bolt. The bolt hits the orc!!
You kill the orc!
Trog accepts your kill. Trog grants you a weapon!
Something appears at your feet!
You see here a +3 battleaxe.
Fire: a) +11 triple crossbow "Goblinslayer" {speed, rF+ Str+3}
Press: ? - help, Q - select action, (/) - cycle Shift-Dir - straight line, f - you That would be overly suicidal.
Okay, then.
Things that are here:
a +0 falchion; an orc corpse; ๐Ÿ˜• HP[+1]
K - a +3 battleaxe
There is a stone staircase leading down, spattered with blood here.
There are no items here.
Things that are here:
a +0 mace of protection; a +0 leather armour ๐Ÿ˜Ž HP[+1]
Your hp is fully restored (93).
There is a stone staircase leading down, spattered with blood here.
You fly downwards.
The orc hits you but does no damage.
There is a stone staircase leading up here.
The orc closely misses you.
You fly upwards.
There is a stone staircase leading down, spattered with blood here.
You shoot a bolt. The bolt closely misses the orc.
The orc misses you. The orc closely misses you.
You shoot a bolt. The bolt hits the orc!
You kill the orc!
Trog accepts your kill.
You fly downwards.
The orc warlord hits you with a +3 battleaxe!!
You block the orc warlord's attack.
There is a stone staircase leading up, spattered with blood here. ๐Ÿ˜ฎ HP[-27]
You take 27 damage, and now have 66/93 hp.
MASSIVE DAMAGE!! (PAUSE)
Your skin crawls.
You feel strong-willed.
The orc warlord hits you with a +3 battleaxe. ๐Ÿ˜ฎ HP[-3]
You take 3 damage, and now have 63/93 hp.
You shoot a bolt. The bolt hits the orc warlord!
The orc warlord hits you with a +3 battleaxe. ๐Ÿ˜ฎ HP[-1]
You take 1 damage, and now have 62/93 hp.
You shoot a bolt.
The bolt hits the orc warlord but does no damage.
The orc warlord completely misses you. ๐Ÿ˜ฎ HP[+1]
You shoot a bolt. The bolt hits the orc warlord!!
The orc warlord hits you with a +3 battleaxe!!
* * * LOW HITPOINT WARNING * * *
An orc comes into view. It is wielding a +0 dagger.
The orc warlord roars a battlecry!
The orc goes into a battle-frenzy! ๐Ÿ˜จ HP[-19]
You take 19 damage, and now have 44/93 hp.
MASSIVE DAMAGE!! (PAUSE)
The orc shouts!
The orc warlord completely misses you.
You fly upwards.
There is a stone staircase leading down, spattered with blood here. ๐Ÿ˜ฎ HP[+3]
You regained 3 hp, and now have 47/93 hp.
You shoot a bolt. The bolt hits the orc warlord!
The orc warlord hits you with a +3 battleaxe!!
* * * LOW HITPOINT WARNING * * *
๐Ÿ˜จ HP[-21]
You take 21 damage, and now have 26/93 hp.
MASSIVE DAMAGE!! (PAUSE)
Your ogre goes berserk!
The orc warlord hits you with a +3 battleaxe!!
* * * LOW HITPOINT WARNING * * *
The orc warlord barely misses your ogre. ๐Ÿ˜ฑ HP[-20]
You take 20 damage, and now have 6/93 hp.
MASSIVE DAMAGE!! (PAUSE)
The orc warlord attacks as you move away!
The orc warlord hits you with a +3 battleaxe!
You die...

Skill      XL: |  1  2  3  4  5  6  7  8  9 10 |
---------------+-------------------------------+-----
Fighting       | 4 5 6 7 9 10 | 10.0
Axes           | 4 |  4.6
Armour         | 3 4 5 6 8 9 |  9.4
Polearms       | 1 3 5 6 |  6.4
Ranged Weapons | 3 8 11 | 11.2
Dodging        | |  2.1

Action                     |  1- 3 |  4- 6 |  7- 9 | 10-12 || total
---------------------------+-------+-------+-------+-------++-------
  Melee: Hand axe          |    71 |     9 |       |       ||    80
         Headbutt          |     8 |     8 |    12 |       ||    28
         Trident           |       |    84 |    65 |       ||   149
         Punch             |       |       |     1 |       ||     1
   Fire: Triple crossbow   |       |       |   122 |   122 ||   244
 Invoke: Berserk           |       |       |     1 |       ||     1
         Trog's Hand       |       |       |       |     1 ||     1
         Brothers in Arms  |       |       |       |     1 ||     1
    Use: Scroll            |       |       |     7 |       ||     7
   Stab: Sleeping          |     1 |       |       |       ||     1
 Armour: Animal skin       |     5 |       |       |       ||     5
         Chain mail        |    26 |    49 |     5 |       ||    80
         Scale mail        |       |       |    49 |    19 ||    68
  Dodge: Dodged            |    35 |    49 |   110 |    51 ||   245
  Block: Other             |       |       |    18 |    14 ||    32
         Reflection        |       |       |     1 |     3 ||     4

Levels and vault maps discovered:
D:1:      lightli_arrival_statue_moat, layout_loops_corners
D:2:      layout_loops_corners, serial_rivers, chequers_serial_rivers_micro_d,
          chequers_serial_rivers_large_b, chequers_serial_rivers_micro_b,
          chequers_serial_rivers_room_a, chequers_serial_rivers_room_b,
          minmay_misc_feat_rows
D:3:      layout_rooms, mainiacjoe_overflow_tiny_flanked,
          mainiacjoe_overflow_24_doors, old_standard_altar,
          hellmonk_ecumenical_altar_dog_temple, chequers_serial_rivers_micro_a,
          pf_guarded_unrand_meek
D:4:      layout_rooms, minmay_temple_entry_mist, uniq_crazy_yiuf_cottage
D:5:      layout_cave_pools, grunt_temple_overflow_holy_war, lemuel_tele_altar,
          uniq_edmund
D:6:      layout_loops_ring, nicolae_ru_the_path_less_chosen
D:7:      minmay_clustersquares, layout_loops_ring,
          nicolae_overflow_crystal_walls
D:8:      layout_loops_ring, nzn_wu_jian_contemplation,
          mainiacjoe_overflow_catwalk, nicolae_ossuary_entry_monument,
          chequers_serial_rivers_room_a
D:9:      layout_rooms, lemuel_doored_altar, old_standard_altar,
          gammafunk_temple_overflow_pools, nicolae_qazlal_general_emergency,
          orc_0_dummy, chequers_decorated_corner, statue_in_the_mist_lemuel,
          minmay_misc_feat_chi, minmay_gold_behind_fungi,
          hangedman_decor_diamond_cutter, minmay_misc_feat_cross,
          hangedman_decor_points, kennysheep_generic_room_13,
          uniq_prince_ribbit1, uniq_gastronok, uniq_erolcha
Temple:   nicolae_temple_ecumenical_triangle
Orc:1:    layout_caves, mines2_david
Orc:2:    st_orc_congregation, layout_diamond_mine,
          nicolae_volcano_entry_lava_flow, serial_shops,
          nicolae_shop_hallway_plus, bloody_makhleb

Notes
Turn   | Place    | Note
-------+----------+-------------------------------------------
     0 | D:1      | Elmgren the Minotaur Berserker began the quest for the Orb.
     0 | D:1      | Reached XP level 1. HP: 19/19 MP: 0/0
     0 | D:1      | magus.rc [v1.11.6]
   220 | D:1      | Reached XP level 2. HP: 27/27 MP: 1/1
   275 | D:1      | Reached skill level 4 in Fighting
   361 | D:1      | Reached skill level 4 in Axes
   689 | D:1      | You add the spells Volatile Blastmotes, Dazzling Flash,
                  | Iskenderun's Mystic Blast and Starburst to your library.
   805 | D:1      | Reached skill level 3 in Armour
   820 | D:1      | You add the spells Kiss of Death, Confusing Touch and
                  | Dispel Undead to your library.
  1723 | D:2      | Reached XP level 3. HP: 33/33 MP: 2/2
  1821 | D:2      | Reached ** piety under Trog
  2069 | D:3      | Found a glowing silver altar of Zin.
  2181 | D:3      | Reached XP level 4. HP: 29/41 MP: 3/3
  2274 | D:3      | Found an opulent altar of Gozag.
  2277 | D:3      | Identified the +1 trident of Dim Light {venom, Fly Str+3}
  2325 | D:3      | Found a faded altar of an unknown god.
  2378 | D:3      | Found the +7 staff of the Meek {protect, meekguard}
  2407 | D:3      | Found a blossoming altar of Fedhas.
  2677 | D:4      | Reached skill level 5 in Fighting
  2677 | D:4      | Reached skill level 1 in Polearms
  2678 | D:4      | Reached skill level 4 in Armour
  2678 | D:4      | Reached XP level 5. HP: 30/48 MP: 4/4
  2809 | D:4      | Found a runed translucent door.
  2811 | D:4      | Noticed Crazy Yiuf
  2879 | D:4      | Noticed a phantom
  2893 | D:4      | Killed a phantom
  2894 | D:4      | Reached skill level 2 in Polearms
  2962 | D:4      | Found a staircase to the Ecumenical Temple.
  3011 | D:4      | Noticed a steam dragon
  3032 | D:4      | Killed a steam dragon
  3032 | D:4      | Reached *** piety under Trog
  3033 | D:4      | Reached skill level 6 in Fighting
  3033 | D:4      | Reached skill level 3 in Polearms
  3033 | D:4      | Reached skill level 5 in Armour
  3033 | D:4      | Reached XP level 6. HP: 26/57 MP: 5/5
  3460 | Temple   | Entered the Ecumenical Temple
  3519 | D:5      | Entered Level 5 of the Dungeon
  3549 | D:5      | Reached XP level 7. HP: 59/64 MP: 6/6
  3702 | D:5      | Found a sparkling altar of Nemelex Xobeh.
  3709 | D:5      | Reached skill level 4 in Polearms
  3903 | D:5      | Found a glowing golden altar of the Shining One.
  3906 | D:5      | Found a basalt altar of Yredelemnul.
  3909 | D:5      | Noticed a profane servitor
  3916 | D:5      | Noticed an angel
  3929 | D:5      | Reached skill level 6 in Armour
  3937 | D:5      | Noticed Edmund
  3953 | D:5      | Killed Edmund
  3954 | D:5      | Reached skill level 7 in Fighting
  4167 | D:6      | Reached skill level 5 in Polearms
  4390 | D:6      | Reached XP level 8. HP: 73/73 MP: 7/7
  4447 | D:6      | Reached skill level 7 in Armour
  4677 | D:6      | Reached skill level 6 in Polearms
  4797 | D:6      | Reached skill level 8 in Fighting
  5056 | D:6      | Found a sacrificial altar of Ru.
  5075 | D:6      | Identified a scroll of acquirement
  5075 | D:6      | Acquired the +11 triple crossbow "Goblinslayer" {speed, rF+
                  | Str+3}
  5316 | D:7      | Reached skill level 1 in Ranged Weapons
  5320 | D:7      | Reached skill level 2 in Ranged Weapons
  5320 | D:7      | Reached skill level 8 in Armour
  5553 | D:7      | Found a shimmering blue altar of Sif Muna.
  5774 | D:7      | Reached skill level 9 in Fighting
  5774 | D:7      | Reached skill level 3 in Ranged Weapons
  5774 | D:7      | Reached XP level 9. HP: 83/83 MP: 8/8
  6037 | D:7      | Noticed a kobold demonologist
  6089 | D:7      | Reached **** piety under Trog
  6125 | D:7      | Reached skill level 4 in Ranged Weapons
  6125 | D:7      | Reached skill level 9 in Armour
  6167 | D:7      | Noticed a hellwing
  6169 | D:7      | Killed a kobold demonologist
  6170 | D:7      | Reached skill level 10 in Fighting
  6175 | D:7      | Identified the +9 executioner's axe "Gavauh" {venom,
                  | Fragile rC+ rN++ Dex+4}
  6176 | D:7      | h - the +9 executioner's axe "Gavauh" {venom, Fragile rC+
                  | rN++ Dex+4, rare}
  6191 | D:7      | You drop the +9 executioner's axe "Gavauh" {venom, Fragile
                  | rC+ rN++ Dex+4, rare}.
  6275 | D:8      | Reached skill level 5 in Ranged Weapons
  6306 | D:8      | Reached skill level 6 in Ranged Weapons
  6318 | D:8      | Found a shimmering altar of Xom.
  6619 | D:8      | Found an ornate altar of the Wu Jian Council.
  6703 | D:8      | Reached skill level 7 in Ranged Weapons
  6752 | D:8      | Found a sand-covered staircase.
  6762 | Ossuary  | Entered an ossuary
  6929 | D:9      | Found a staircase to the Orcish Mines.
  6943 | Orc:1    | Entered Level 1 of the Orcish Mines
  6953 | Orc:1    | Noticed a two-headed ogre
  6959 | Orc:1    | Killed a two-headed ogre
  6959 | Orc:1    | Reached ***** piety under Trog
  6960 | Orc:1    | Reached skill level 8 in Ranged Weapons
  6960 | Orc:1    | Reached XP level 10. HP: 88/93 MP: 9/9
  7061 | Orc:1    | Reached skill level 9 in Ranged Weapons
  7091 | Orc:1    | Reached skill level 10 in Ranged Weapons
  7522 | Orc:2    | Entered Level 2 of the Orcish Mines
  7524 | Orc:2    | Found a burning altar of Makhleb.
  7790 | Orc:2    | Found a dark tunnel.
  7836 | Orc:2    | Reached skill level 11 in Ranged Weapons
  7858 | Orc:2    | Found Nastric's Weapon Boutique.
  7879 | Orc:2    | Found a staircase to the Elven Halls.
  8101 | Orc:2    | Noticed an orc warlord
  8419 | Orc:1    | Received a gift from Trog
  8440 | Orc:1    | HP: 6/93 [orc warlord/+3 battleaxe (21)]
  8441 | Orc:1    | Mangled by an orc warlord

Vanquished Creatures
  A two-headed ogre (Orc:1)
  A kobold demonologist (D:7)
  2 trolls (Orc:1)
  A steam dragon (D:4)
  Edmund (D:5)
  A warg (Orc:1)
  A water moccasin (D:7)
  14 orc warriors
  A sky beast (D:7)
  3 ice beasts
  2 black bears
  6 ogres
  3 centaurs
  2 phantoms
  4 bullfrogs
  2 scorpions
  5 killer bees (D:7)
  5 howler monkeys
  5 hounds
  7 orc priests
  2 sleepcaps
  A gnoll bouda (D:8)
  An iguana (D:6)
  8 orc wizards
  8 gnolls
  5 adders
  2 shadow imps
  4 white imps
  A worm (D:4)
  2 dart slugs
  53 orcs
  5 ball pythons
  5 bats
  4 endoplasms
  2 giant cockroaches
  7 hobgoblins
  11 jackals
  8 quokkas
  4 frilled lizards
  4 goblins
  4 kobolds
  4 rats (D:1)
212 creatures vanquished.

Vanquished Creatures (others)
  An orc wizard (Orc:2)
1 creature vanquished.

Grand Total: 213 creatures vanquished

Table legend:
 A = Non-vault XP
 B = Vault XP
 C = Vault XP percentage of total XP
 D = Non-vault monster count
 E = Vault monster count
 F = Vault count percentage of total count
                 A         B        C        D         E       F
            +---------+---------+-------+---------+---------+-------
      Total |    7336 |    1594 |  17.8 |     182 |      30 |  14.2
            +---------+---------+-------+---------+---------+-------
        D:1 |      34 |       0 |   0.0 |      19 |       0 |   0.0
        D:2 |      14 |       0 |   0.0 |       8 |       0 |   0.0
        D:3 |      37 |      59 |  61.5 |      20 |       8 |  28.6
        D:4 |     475 |       0 |   0.0 |      23 |       0 |   0.0
        D:5 |     404 |     169 |  29.5 |      10 |       1 |   9.1
        D:6 |     854 |       0 |   0.0 |      10 |       0 |   0.0
        D:7 |     997 |    1218 |  55.0 |      22 |      14 |  38.9
        D:8 |     778 |       0 |   0.0 |      22 |       0 |   0.0
      Orc:1 |    2601 |     148 |   5.4 |      28 |       7 |  20.0
      Orc:2 |    1142 |       0 |   0.0 |      20 |       0 |   0.0
            +---------+---------+-------+---------+---------+-------

Skill      XL: |  1  2  3  4  5  6  7  8  9 10 |
---------------+-------------------------------+-----
Fighting       | 4 5 6 7 9 10 | 10.0
Axes           | 4 |  4.6
Armour         | 3 4 5 6 8 9 |  9.4
Polearms       | 1 3 5 6 |  6.4
Ranged Weapons | 3 8 11 | 11.2
Dodging        | |  2.1

Action                     |  1- 3 |  4- 6 |  7- 9 | 10-12 || total
---------------------------+-------+-------+-------+-------++-------
  Melee: Hand axe          |    71 |     9 |       |       ||    80
         Headbutt          |     8 |     8 |    12 |       ||    28
         Trident           |       |    84 |    65 |       ||   149
         Punch             |       |       |     1 |       ||     1
   Fire: Triple crossbow   |       |       |   122 |   122 ||   244
 Invoke: Berserk           |       |       |     1 |       ||     1
         Trog's Hand       |       |       |       |     1 ||     1
         Brothers in Arms  |       |       |       |     1 ||     1
    Use: Scroll            |       |       |     7 |       ||     7
   Stab: Sleeping          |     1 |       |       |       ||     1
 Armour: Animal skin       |     5 |       |       |       ||     5
         Chain mail        |    26 |    49 |     5 |       ||    80
         Scale mail        |       |       |    49 |    19 ||    68
  Dodge: Dodged            |    35 |    49 |   110 |    51 ||   245
  Block: Other             |       |       |    18 |    14 ||    32
         Reflection        |       |       |     1 |     3 ||     4

Illustrated notes

Table legend:
 A = Kills in this place as a percentage of kills in the entire game.
 B = Kills by you in this place as a percentage of kills by you in the entire game.
 C = Kills by friends in this place as a percentage of kills by friends in the entire game.
 D = Other kills in this place as a percentage of other kills in the entire game.
 E = Experience gained in this place as a percentage of experience gained in the entire game.
 F = Experience gained in this place divided by the number of levels of this place that you have seen.
                   A       B       C       D       E      F
               +-------+-------+-------+-------+-------+----------------------
         Total | 100.0 | 100.0 |   N/A |   N/A | 100.0 | 686.9
       Dungeon |  74.1 |  74.1 |   N/A |   N/A |  56.4 | 559.9
  Orcish Mines |  25.9 |  25.9 |   N/A |   N/A |  43.6 | 1945.5
               +-------+-------+-------+-------+-------+----------------------

Table legend: (Time is in decaauts)
 A = Elapsed time spent in this place.
 B = Non-inter-level travel time spent in this place.
 C = Inter-level travel time spent in this place.
 D = Time resting spent in this place.
 E = Time spent auto-exploring this place.
 F = Levels seen in this place.
 G = Mean time per level.
                   A        B        C        D        E       F      G
               +--------+--------+--------+--------+--------+-----+--------+
         Total |   8598 |   8327 |    271 |    858 |   6015 |  13 |  661.4 |
       Dungeon |   7014 |   6768 |    246 |    386 |   5272 |   9 |  779.3 |
        Temple |     39 |     32 |      7 |      0 |     29 |   1 |   39.0 |
  Orcish Mines |   1540 |   1522 |     18 |    472 |    714 |   2 |  770.0 |
       Ossuary |      2 |      2 |      0 |      0 |      0 |   1 |    2.0 |
               +--------+--------+--------+--------+--------+-----+--------+

Top non-repeatable levels by time:
     D:7: 1098 daAuts
     D:1: 1041 daAuts
     D:6: 1011 daAuts
     D:2: 947 daAuts
   Orc:1: 898 daAuts
     D:4: 879 daAuts
     D:8: 698 daAuts
     D:3: 659 daAuts
     D:5: 644 daAuts
   Orc:2: 641 daAuts
  Temple: 39 daAuts
     D:9: 34 daAuts
 Ossuary: 2 daAuts
